 Dungeon Crawl Stone Soup version 0.19.4-8-ga85b6b9 (webtiles) character file.

84 protoss039 the Magician (level 4, -4/24 HPs)
             Began as a Gargoyle Wizard on Feb 8, 2017.
             Slain by an iron imp (9 damage)
             ... summoned by Natasha
             ... on level 2 of the Dungeon.
             The game lasted 00:12:10 (1845 turns).

protoss039 the Magician (Gargoyle Wizard)           Turns: 1845, Time: 00:12:11

Health: -4/24      AC:  5    Str: 11    XL:     4   Next: 45%
Magic:  1/10       EV: 12    Int: 19    God:
Gold:   17         SH:  0    Dex:  8    Spells: 3 memorised, 5 levels left

rFire  . . .     SeeInvis .     f - +0 short sword
rCold  . . .     Gourm    .     a - +0 robe
rNeg   + . .     Faith    .     (no shield)
rPois  ∞         Spirit   .     b - +0 hat
rElec  +         Reflect  .     (no cloak)
rCorr  .         Harm     .     (no gloves)
MR     .....                    (no boots)
Stlth  ++........               (no amulet)
                                (no ring)
                                (no ring)

@: no status effects
A: negative energy resistance 1, electricity resistance, unbreathing,
petrification resistance, rot immunity, AC +3
a: no special abilities


You were on level 2 of the Dungeon.
You were not hungry.

You visited 1 branch of the dungeon, and saw 2 of its levels.

You collected 17 gold pieces.

Inventory:

Hand Weapons
 f - a +0 short sword (weapon)
Armour
 a - a +0 robe (worn)
 b - a +0 hat (worn)
Jewellery
 h - a cursed amulet of inaccuracy {unknown}
 m - an uncursed ring of protection from fire {unknown}
Scrolls
 j - a scroll of amnesia {unknown}
Potions
 e - a potion of agility {unknown}
 g - a potion of might {unknown}
Books
 c - a book of Minor Magic

   Spells                             Type                      Level
   a - Magic Dart                     Conjuration                  1
   b - Blink                          Translocation                2
   c - Call Imp                       Summoning                    2
   d - Repel Missiles                 Charms/Air                   2
   e - Slow                           Hexes                        2
   f - Conjure Flame                  Conjuration/Fire             3
   g - Mephitic Cloud                 Conjuration/Poison/Air       3
Comestibles
 d - 2 bread rations
 i - a slice of pizza
 k - 5 chunks of flesh
 l - a meat ration


   Skills:
 - Level 0.1 Short Blades
 - Level 1.5 Dodging
 - Level 2.1 Stealth
 + Level 4.2 Spellcasting
 * Level 2.4 Conjurations
   Level 0.8 Summonings
   Level 0.8 Translocations
 * Level 0.4 Air Magic


You had 5 spell levels left.
You knew the following spells:

 Your Spells              Type           Power        Failure   Level  Hunger
a - Magic Dart            Conj           ##..         6%          1    None
b - Repel Missiles        Chrm/Air       #.....       21%         2    #......
c - Mephitic Cloud        Conj/Pois/Air  #.......     28%         3    ###....


Dungeon Overview and Level Annotations

Branches:
Dungeon (2/15)

Altars:

Annotations:
D:2 Natasha


Innate Abilities, Weirdness & Mutations

You are resistant to torment.
Your stone body is resilient. (AC +3)
You are immune to poison.
You resist negative energy. (rN+)
You are resistant to electric shocks. (rElec)
You can survive without breathing.
You are immune to petrification.
You are immune to rotting.


Message History

The puff of frost misses you.
You hit the iron imp.
The iron imp is lightly wounded.
Natasha claws you. The iron imp hits you.
Casting: Magic Dart
Confirm with . or Enter, or press ? or * to list all spells.
You don't know that spell.
Unknown command.
Casting: Magic Dart
Confirm with . or Enter, or press ? or * to list all spells.
Aiming: Magic Dart
Press: ? - help, Shift-Dir - straight line, f/p - Natasha
Aim: Natasha (heavily wounded)
The magic dart hits Natasha.
Natasha is heavily wounded.
Natasha completely misses you. The iron imp hits you!
* * * LOW HITPOINT WARNING * * *
Okay, then.
The iron imp hits you!
You die...

########### ..........#
.........h# #######
..........# #.....#
..........######## #.###.#
..........##.....#######.###.#
...........5h@................
...........#5....#######<###÷#
...........#.....# ### #.#
....#.####.#.....# ####.#
...... ..#.....# #....# # ###
#.####### ######....# .>.
..........# ... ..........#
#.# .......÷...


You could see an iron imp, Natasha and a white imp.

Vanquished Creatures
  An adder (D:2)
  3 oozes (D:1)
  2 worms (D:2)
  A dart slug (D:1)
  2 bats
  5 giant cockroaches
  5 goblins (D:1)
  6 hobgoblins
  6 jackals
  A ball python (D:2)
  4 frilled lizards
  10 kobolds
  4 rats
50 creatures vanquished.

Notes
Turn   | Place    | Note
-------+----------+-------------------------------------------
     0 | D:1      | protoss039 the Gargoyle Wizard began the quest for the Orb.
     0 | D:1      | Reached XP level 1. HP: 10/10 MP: 4/4
   164 | D:1      | Reached XP level 2. HP: 10/15 MP: 1/6
   711 | D:1      | Reached XP level 3. HP: 18/19 MP: 1/8
   852 | D:1      | Learned a level 2 spell: Repel Missiles
  1074 | D:1      | Reached skill level 4 in Spellcasting
  1602 | D:2      | Reached XP level 4. HP: 24/24 MP: 3/10
  1610 | D:2      | Learned a level 3 spell: Mephitic Cloud
  1809 | D:2      | Noticed Natasha
  1845 | D:2      | Slain by an iron imp

Skill      XL: |  1  2  3 |
---------------+----------+-----
Conjurations   | 2 |  2.4
Spellcasting   | 4 |  4.2
Short Blades   | |  0.1
Dodging        | |  1.5
Stealth        | |  2.1
Summonings     | |  0.8
Translocations | |  0.8
Air Magic      | |  0.4

Action                   |  1- 3 |  4- 6 || total
-------------------------+-------+-------++-------
Melee: Unarmed           |    13 |       ||    13
       Short sword       |    29 |    28 ||    57
 Cast: Magic Dart        |    98 |    29 ||   127
       Mephitic Cloud    |       |     1 ||     1
  Use: Scroll            |     2 |       ||     2
  Eat: Meat ration       |     1 |       ||     1
Armor: Robe              |    32 |     7 ||    39
Dodge: Dodged            |    50 |    26 ||    76
